 Dungeon Crawl Stone Soup version 0.27.1-34-g3ba077fa99 (webtiles) character file.

Game seed: 9797623921668347483

54 shadowrider38 the Skirmisher (level 3, -4/31 HPs)
             Began as a Demonspawn Fighter on Jan 5, 2022.
             Slain by a sky beast (6 damage)
             ... on level 3 of the Dungeon.
             The game lasted 00:06:10 (2275 turns).

shadowrider38 the Skirmisher (Demonspawn Fighter)   Turns: 2275, Time: 00:06:11

Health: -4/31      AC: 10    Str: 17    XL:     3   Next: 66%
Magic:  3/3        EV:  4    Int:  9    God:
Gold:   113        SH:  8    Dex: 12    Spells: 2/2 levels left

rFire    . . .     SeeInvis .   a - +2 falchion (flame)
rCold    . . .     Faith    .   c - +0 kite shield
rNeg     . . .     Spirit   .   q - +0 chain mail
rPois    .         Reflect  .   (no helmet)
rElec    .         Harm     .   (no cloak)
rCorr    .         Rampage  .   n - +0 pair of gloves
Will     .....                  (no boots)
Stlth    ..........             (no amulet)
HPRegen  0.10/turn              (no ring)
MPRegen  0.16/turn              (no ring)

@: no status effects
A: magic regeneration
a: no special abilities


You were on level 3 of the Dungeon.
You visited 1 branch of the dungeon, and saw 3 of its levels.

You collected 113 gold pieces.

Inventory:

Hand Weapons
 a - a +2 falchion of flaming (weapon)
 b - a +0 spear of freezing
 f - a +0 trident
 h - a +1 dagger of speed
Missiles
 k - 21 poisoned darts (quivered)
 o - 60 stones
 s - 4 boomerangs
Armour
 c - a +0 kite shield (worn)
 n - a +0 pair of gloves (worn)
 q - a +0 chain mail (worn)
Scrolls
 g - 2 scrolls of noise {unknown}
 i - a scroll of teleportation {unknown}
 j - a scroll of fog {unknown}
 l - a scroll of identify {unknown}
Potions
 d - a potion of might
 e - 2 potions of flight {unknown}
 m - a potion of magic {unknown}
 p - a potion of heal wounds {unknown}
 r - a potion of berserk rage {unknown}


   Skills:
 + Level 4.7 Fighting
 - Level 1.7 Polearms
 - Level 2.6 Armour
 - Level 2.6 Shields


You had 2 spell levels left.
You didn't know any spells.
Your spell library contained the following spells:

 Spells                   Type           Power      Damage    Failure   Level
 Magic Dart               Conj           0%         1d3       100%        1
 Summon Small Mammal      Summ           0%         N/A       100%        1
 Call Imp                 Summ           0%         N/A       100%        2
 Call Canine Familiar     Summ           0%         N/A       100%        3
 Mephitic Cloud           Conj/Pois/Air  0%         N/A       100%        3
 Summon Guardian Golem    Hex/Summ       0%         N/A       100%        3


Dungeon Overview and Level Annotations

Branches:
Dungeon (3/15)

Altars:


Innate Abilities, Weirdness & Mutations

You regenerate magic rapidly.


Message History

You now have 113 gold pieces (gained 4).
Things that are here:
a +0 short sword; a kobold corpse A sky beast comes into view.
Press: ? - help, v - describe, . - travel
Here: a sky beast The floor.
There is a stone staircase leading up here.
You climb upwards.
There is a stone staircase leading down here.
You see here a +0 scale mail.
There is an escape hatch in the floor here.
You see here a +0 scale mail.
There is a stone staircase leading down here.
You climb downwards.
The sky beast hits you. The sky beast shocks you.
The sky beast hits you but does no damage.
There is a stone staircase leading up here.
You slash the sky beast! You burn the sky beast.
The sky beast is moderately wounded.
The sky beast hits you but does no damage.
You hit the sky beast. You burn the sky beast.
The sky beast is heavily wounded.
The sky beast hits you but does no damage.
The sky beast flickers out of sight!
Deactivating autopickup; reactivate with Ctrl-A.
You block something's attack.
You miss something. Something hits you. Something shocks you.
You miss something. Something hits you. Something shocks you.
Something hits you.
* * * LOW HITPOINT WARNING * * *
Something shocks you.
* * * LOW HITPOINT WARNING * * *
You hit something. You burn something. Something hits you but does no damage.
You closely miss something.
Something hits you but does no damage. x2
You closely miss something. Something hits you but does no damage.
You hit something but do no damage. Something completely misses you.
Something hits you.
* * * LOW HITPOINT WARNING * * *
Something shocks you.
You die...

##......###.##....#
##........##....####
#..........###...####
#..........####.....#
####..........##........
#.............#.........
#......................#
#.............>.#......#
#......@{...............
#.............###.###...
#.(...............###...
#.............##......##
#.............##........
#............[<..####.#.
#####..........#.#......
#########......##..........
##.....##.......##<.........


There were no monsters in sight!

Vanquished Creatures
  An adder (D:2)
  A worm (D:3)
  A dart slug (D:2)
  An orc (D:3)
  4 endoplasms
  3 giant cockroaches
  4 goblins
  2 hobgoblins
  6 kobolds
  4 ball pythons
  A bat (D:1)
  5 frilled lizards (D:2)
  5 rats
38 creatures vanquished.

Notes
Turn   | Place    | Note
-------+----------+-------------------------------------------
     0 | D:1      | shadowrider38 the Demonspawn Fighter began the quest for
                  | the Orb.
     0 | D:1      | Reached XP level 1. HP: 18/18 MP: 1/1
   225 | D:1      | Gained mutation: You regenerate magic rapidly. [demonic
                  | ancestry]
   225 | D:1      | Reached XP level 2. HP: 24/24 MP: 2/2
  1128 | D:2      | Reached skill level 4 in Fighting
  1444 | D:2      | Reached XP level 3. HP: 30/30 MP: 3/3
  2176 | D:3      | Noticed a sky beast
  2275 | D:3      | Slain by a sky beast

Illustrated notes

Levels and vault maps discovered:
D:1:      lightli_arrival_noodles, layout_basic, hangedman_decor_slide_cut,
          hangedman_decor_points, minmay_tall_x
D:2:      cheibrodos_helix_gallery, layout_basic
D:3:      layout_rooms

Skill      XL: |  1  2 |
---------------+-------+-----
Fighting       | 4 |  4.7
Polearms       | |  1.7
Armour         | |  2.6
Shields        | |  2.6

Action                   || total
-------------------------++-------
Melee: Trident           ||    16
       Spear             ||    71
       Falchion          ||    12
Throw: Dart              ||     1
Armor: Scale mail        ||    19
       Chain mail        ||     7
Dodge: Dodged            ||    12
Block: Kite shield       ||    22
       Rpst.: Falchion   ||     1
